 Dungeon Crawl Stone Soup version 0.31-a0-188-g5e087ee2ca (webtiles) character file.

Game seed: 12181231646817642273

234 qw the Skirmisher (level 5, -9/30 HPs)
             Began as a Deep Elf Hunter on June 23, 2023.
             Mangled by an iguana (11 damage)
             ... on level 4 of the Dungeon.
             The game lasted 00:01:00 (2635 turns).

qw the Skirmisher (Deep Elf Hunter)                 Turns: 2635, Time: 00:01:01

Health: -9/30      AC:  6    Str: 10    XL:     5   Next: 75%
Magic:  7/7        EV: 11    Int: 14    God:
Gold:   151        SH:  0    Dex: 18    Spells: 4/4 levels left

rFire   . . .        Y - +0 shortbow
rCold   . . .        (shield currently unavailable)
rNeg    . . .        g - +0 ring mail
rPois   .            (no helmet)
rElec   .            (no cloak)
rCorr   +            k - +0 pair of gloves
SInv    +            (no boots)
Will    .....        (no amulet)
Stlth   +            b - ring of see invisible
HPRegen 0.25/turn    c - ring of resist corrosion
MPRegen 0.10/turn

%: no passive effects
@: no status effects
A: no striking features
a: no special abilities


You were on level 4 of the Dungeon.
You visited 1 branch of the dungeon, and saw 4 of its levels.

You collected 151 gold pieces.


   Skills:
 + Level 1.8 Fighting
 - Level 9.2 Ranged Weapons
 - Level 2.4 Dodging
 - Level 1.2 Stealth


You had 4 spell levels left.
You didn't know any spells.
Your spell library was empty.

Inventory:

Hand Weapons
 Y - a +0 shortbow (weapon)
Armour
 g - a +0 ring mail (worn)
 k - a +0 pair of gloves (worn)
 m - a +0 helmet
Jewellery
 b - a ring of see invisible (left hand)
 c - a ring of resist corrosion (right hand)
Scrolls
 a - 2 scrolls of teleportation
 h - 5 scrolls of identify
Potions
 d - a potion of degeneration {unknown}
 e - a potion of haste {unknown}
 f - a potion of curing {unknown}
 i - a potion of enlightenment
 j - a potion of invisibility {unknown}
 l - a potion of heal wounds {unknown}

Dungeon Overview and Level Annotations

Branches:
Dungeon (4/15)
 Temple: D:4-7

Altars:

Shops:
D:3 :


Message History

A lemure comes into view.
The orc throws a silver boomerang.
The silver boomerang misses you.
You hear a shout!
You shoot an arrow. The arrow hits the lemure.
The lemure is lightly wounded.
You shoot an arrow.
The arrow hits the lemure but does no damage.
The lemure is lightly wounded.
An adder comes into view.
You shoot an arrow. The adder hisses angrily.
The arrow hits the lemure!
The lemure is moderately wounded.
The lemure barely misses you. The iguana bites you.
You shoot an arrow. The arrow hits the lemure.
The lemure is moderately wounded.
The lemure misses you. The iguana barely misses you.
A lemure comes into view.
You shoot an arrow.
The arrow hits the lemure but does no damage.
The lemure is moderately wounded.
The lemure hits you. The iguana misses you.
You shoot an arrow. The arrow closely misses the lemure.
The arrow barely misses the lemure.
The lemure barely misses you. The iguana misses you.
You shoot an arrow. The arrow hits the lemure.
The lemure is moderately wounded.
The lemure hits you. The iguana bites you.
You shoot an arrow.
The arrow hits the lemure but does no damage.
The lemure is moderately wounded.
The iguana barely misses you.
You shoot an arrow. The arrow hits the lemure.
The lemure is heavily wounded.
The lemure hits you but does no damage. The iguana bites you!
The orc hits you with a +0 short sword.
You shoot an arrow. The arrow misses the lemure.
The lemure barely misses you. The iguana bites you.
The orc hits you but does no damage. x2; The iguana bites you!
You die...

.........###
.#######.#
#.# #.# #.#
#.# #.#
##.## #.l@#
#.#5o5.....
....)#.#####
...#####.#
##.# # #. #


You could see 2 lemures, an iguana and an orc.

Vanquished Creatures
  A black bear (D:4)
  A hound (D:4)
  An adder (D:3)
  2 worms
  A dart slug (D:1)
  11 orcs (D:4)
  3 ball pythons (D:1)
  4 endoplasms (D:1)
  6 giant cockroaches
  7 goblins
  11 hobgoblins
  8 quokkas
  5 bats
  3 frilled lizards
  8 kobolds
  5 rats
77 creatures vanquished.

Notes
Turn   | Place    | Note
-------+----------+-------------------------------------------
     0 | D:1      | qw the Deep Elf Hunter began the quest for the Orb.
     0 | D:1      | Reached XP level 1. HP: 12/12 MP: 3/3
     0 | D:1      | 0 ||| qw: Version: 0.3-a-9-g12657ce
     0 | D:1      | 0 ||| qw: Game counter: 3176
     0 | D:1      | 0 ||| qw: Always use a shield: true
     0 | D:1      | 0 ||| qw: God list: Okawaru
     0 | D:1      | 0 ||| qw: Allow faded altars: false
     0 | D:1      | 0 ||| qw: Do Orc after D:15 true
     0 | D:1      | 0 ||| qw: Do second Lair branch before Depths: true
     0 | D:1      | 0 ||| qw: Lair rune preference: random
     0 | D:1      | 0 ||| qw: Plans: Normal
     0 | D:1      | 0 ||| PLANNING D:1-11
    83 | D:1      | Reached XP level 2. HP: 16/16 MP: 4/4
   104 | D:1      | Reached skill level 6 in Ranged Weapons
   353 | D:1      | Reached XP level 3. HP: 20/20 MP: 5/5
   487 | D:1      | 487 ||| UPGRADING to +0 ring mail.
   497 | D:1      | 497 ||| Stepping ~*~*~tactically~*~*~ (water).
   501 | D:1      | 501 ||| DROPPING +0 leather armour.
   507 | D:1      | Found a faded altar of an unknown god.
   568 | D:1      | 568 ||| READING 3 scrolls labelled EPSE CORENWIG.
   573 | D:1      | 573 ||| READING scroll labelled CUQIEN GOTOLO.
   574 | D:1      | 574 ||| READING scroll labelled OHOBET KADEIM.
   575 | D:1      | 575 ||| DROPPING scroll of butterflies.
   871 | D:2      | Reached skill level 7 in Ranged Weapons
  1258 | D:2      | 1258 ||| UPGRADING to +0 pair of gloves.
  1263 | D:2      | 1263 ||| UPGRADING to ring of see invisible.
  1264 | D:2      | 1264 ||| READING scroll labelled BUGUSHR WOZE.
  1265 | D:2      | 1265 ||| READING scroll labelled FIGENEDIAKH.
  1266 | D:2      | 1266 ||| READING scroll labelled ZYRAJE WURIURGH.
  1396 | D:3      | HP: 2/20 [worm (8)]
  1397 | D:3      | 1397 ||| READING 2 scrolls of teleportation.
  1483 | D:3      | Reached XP level 4. HP: 25/25 MP: 6/6
  1670 | D:3      | Found Hoah's Book Emporium.
  2041 | D:3      | 2041 ||| UPGRADING to ring of resist corrosion.
  2042 | D:3      | 2042 ||| DRINKING 2 grey potions.
  2119 | D:4      | Reached skill level 8 in Ranged Weapons
  2306 | D:4      | Noticed a black bear
  2310 | D:4      | Killed a black bear
  2311 | D:4      | Reached skill level 9 in Ranged Weapons
  2311 | D:4      | Reached XP level 5. HP: 29/29 MP: 7/7
  2451 | D:4      | 2451 ||| Stepping ~*~*~tactically~*~*~ (outnumbered).
  2453 | D:4      | 2453 ||| Stepping ~*~*~tactically~*~*~ (outnumbered).
  2469 | D:4      | HP: 4/30 [orc wizard/magic dart (4)]
  2470 | D:4      | 2470 ||| READING 3 scrolls of teleportation.
  2625 | D:4      | Noticed a lemure
  2629 | D:4      | Noticed a lemure
  2635 | D:4      | HP: 2/30 [iguana (6)]
  2635 | D:4      | Mangled by an iguana

Levels and vault maps discovered:
D:1:      psy_arrival_spokes, layout_basic, shapermc_ecumenical_altar_hornbeckon
D:2:      layout_loops_ring
D:3:      layout_basic, serial_shops, nicolae_square_shop
D:4:      layout_loops_ring, serial_shops, nicolae_shop_rolled_up, uniq_sigmund,
          uniq_pikel

Skill      XL: |  1  2  3  4 |
---------------+-------------+-----
Ranged Weapons | 6 7 9 |  9.2
Fighting       | |  1.8
Dodging        | |  2.4
Stealth        | |  1.2

Action                     |  1- 3 |  4- 6 || total
---------------------------+-------+-------++-------
   Fire: Shortbow          |   132 |    97 ||   229
    Use: Scroll            |     7 |     1 ||     8
         Potion            |       |     1 ||     1
 Armour: Ring mail         |     7 |    18 ||    25
  Dodge: Dodged            |    19 |    43 ||    62

Table legend:
 A = Non-vault XP
 B = Vault XP
 C = Vault XP percentage of total XP
 D = Non-vault monster count
 E = Vault monster count
 F = Vault count percentage of total count
                 A         B        C        D         E       F
            +---------+---------+-------+---------+---------+-------
      Total |     335 |       0 |   0.0 |      77 |       0 |   0.0
            +---------+---------+-------+---------+---------+-------
        D:1 |      47 |       0 |   0.0 |      26 |       0 |   0.0
        D:2 |      35 |       0 |   0.0 |      19 |       0 |   0.0
        D:3 |      43 |       0 |   0.0 |      16 |       0 |   0.0
        D:4 |     210 |       0 |   0.0 |      16 |       0 |   0.0
            +---------+---------+-------+---------+---------+-------
